 Dungeon Crawl Stone Soup version 0.29.1-13-g9f3cf754e1 (webtiles) character file.

Game seed: 18301149053020654100

13961 DemonSlayer the Geomancer (level 11, -1/75 HPs)
             Began as a Demonspawn Earth Elementalist on Jan 21, 2023.
             Was a Priest of Cheibriados.
             Engulfed by a cloud of freezing vapour (8 damage)
             ... on level 11 of the Dungeon.
             The game lasted 00:29:47 (16875 turns).

DemonSlayer the Geomancer (DsEE)                   Turns: 16875, Time: 00:29:47

Health: -1/75      AC: 11    Str: 19    XL:     11   Next: 82%
Magic:  34/34      EV: 19    Int: 24    God:    Cheibriados [***...]
Gold:   1997       SH:  5    Dex: 23    Spells: 19/31 levels left

rFire   . . .      SeeInvis .   a - +8 whip (vorpal)
rCold   . . .      Faith    .   q - +0 buckler
rNeg    . . .      Spirit   .   c - +0 steam dragon scales
rPois   .          Reflect  .   (helmet restricted)
rElec   .          Harm     .   l - +0 cloak
rCorr   .          Rampage  .   G - +0 pair of gloves
Will    .....                   (no boots)
Stlth   ++++......              I - amulet of regeneration
HPRegen 1.02/turn               n - ring of magical power
MPRegen 0.24/turn               x - +4 ring of protection

@: agile, studying 2 skills, very slow
A: horns 2, thin skeletal structure 1, powered by pain 2, spiny 2
a: Renounce Religion, Bend Time, Temporal Distortion


You were on level 11 of the Dungeon.
You worshipped Cheibriados.
Cheibriados was most pleased with you.
You visited 2 branches of the dungeon, and saw 12 of its levels.
You also visited: Ossuary and Bailey.

You collected 1997 gold pieces.

Inventory:

Hand Weapons
 a - a +8 vorpal whip (weapon)
Missiles
 d - a curare-tipped dart
 e - 4 throwing nets
Armour
 c - +0 steam dragon scales (worn)
 l - a +0 cloak (worn)
 q - a +0 buckler (worn)
 G - a +0 pair of gloves (worn)
Jewellery
 j - a ring of protection from cold
 n - a ring of magical power (left hand)
 x - a +4 ring of protection (right hand)
 C - a +6 ring of strength
 D - a +4 ring of protection
 I - an amulet of regeneration (around neck)
Wands
 z - a wand of roots (13)
 A - a wand of mindburst (5)
 E - a wand of paralysis (3)
Scrolls
 f - 4 scrolls of immolation
 i - 4 scrolls of noise {unknown}
 k - 3 scrolls of identify
 u - 4 scrolls of fear
 v - 3 scrolls of poison
 w - 8 scrolls of teleportation
 y - 3 scrolls of summoning
 B - a scroll of silence {unknown}
 F - a scroll of torment
 H - 2 scrolls of fog {unknown}
 J - a scroll of amnesia {unknown}
 K - a scroll of magic mapping
 L - a scroll of enchant weapon
 O - a scroll of brand weapon
Potions
 b - a potion of magic
 g - 4 potions of attraction {unknown}
 h - 2 potions of brilliance
 m - a potion of ambrosia {unknown}
 o - 2 potions of might
 p - 6 potions of curing
 s - 2 potions of flight {unknown}
 t - 4 potions of mutation {unknown}
 M - a potion of berserk rage {unknown}
Miscellaneous
 N - a box of beasts


   Skills:
 + Level 3.0 Fighting
 + Level 2.2 Maces & Flails
 + Level 3.0 Armour
 + Level 3.8 Dodging
 + Level 3.8 Stealth
 + Level 2.1 Shields
 + Level 10.6 Spellcasting
 + Level 7.4 Conjurations
 + Level 0.8 Transmutations
 + Level 10.7 Earth Magic
 + Level 1.0 Evocations


You had 19 spell levels left.
You knew the following spells:

 Your Spells              Type           Power      Damage    Failure   Level
a - Sandblast             Erth           100%       2d20      1%          1
b - Passwall              Tmut/Erth      33%        N/A       1%          2
c - Stone Arrow           Conj/Erth      100%       3d13      1%          3
d - Ensorcelled Hibernat  Hex/Ice        24%        N/A       10%         2
e - Petrify               Tmut/Erth      40%        N/A       6%          4

Your spell library contained the following spells:

 Spells                   Type           Power      Damage    Failure   Level
 Swiftness                Air            12%        N/A       21%         3
 Malign Gateway           Summ/Tloc      6%         N/A       100%        7
 Summon Horrible Things   Summ           6%         N/A       100%        8


Dungeon Overview and Level Annotations

Branches:
Dungeon (11/15)            Temple (1/1) D:7            Lair (0/5) D:11
    Orc (0/2) D:11        Ossuary (visited)          Bailey (visited)

Altars:
Ashenzari
Cheibriados
Dithmenos
Fedhas
Gozag
Hepliaklqana
Kikubaaqudgha
Makhleb
Nemelex Xobeh
Okawaru
Qazlal
Ru
Sif Muna
Trog
Uskayaw
Vehumet
Wu Jian
Xom
Yredelemnul

Portals:
Bazaar: D:11

Annotations:
D:6 3 runed translucent doors, 0gre's ghost, novice GnIE; Dvallin's ghost, weakling KoDe; LustLizard's ghost, novice MfGl


Innate Abilities, Weirdness & Mutations

You have a pair of horns on your head.
You have a somewhat thin skeletal structure. (Dex +2, Stealth+)
You sometimes gain power by taking damage.
You are mostly covered in sharp spines.


Message History

You can't see any susceptible monsters within range! (Use Z to cast anyway.)
You can't see any susceptible monsters within range! (Use Z to cast anyway.)
You can't see any susceptible monsters within range! (Use Z to cast anyway.) HP restored.
Magic restored.
You see here a +0 dagger.
There is a stone staircase leading up here.
An acid dragon is nearby!
An acid dragon is nearby!
There is a stone staircase leading up here.
Really walk into a travel-excluded area? [Y]es or [N]o only, please.
Really walk into a travel-excluded area? [Y]es or [N]o only, please.
Really walk into a travel-excluded area? [Y]es or [N]o only, please.
Really walk into a travel-excluded area? [Y]es or [N]o only, please.
Really walk into a travel-excluded area? [Y]es or [N]o only, please.
Really walk into a travel-excluded area?
Really walk into that cloud of freezing vapour? [Y]es or [N]o only, please.
Really walk into that cloud of freezing vapour?
You are engulfed in freezing vapours.
You enter the shallow water.
Moving in this stuff is going to be slow.
You are engulfed in freezing vapours.
Ouch! That really hurt!
* * * LOW HITPOINT WARNING * * *
You focus on the pain.
You feel agile all of a sudden.
You feel much better.
You are engulfed in freezing vapours.
* * * LOW HITPOINT WARNING * * *
You focus on the pain.
You feel more agile all of a sudden.
There is a gateway to a bazaar here.
You are engulfed in freezing vapours.
You die...

#.# #.#
#########################.#
................°.........#
.................°........#
######...^.......°°.......#
#..........°°°.......#
#.........~~°°°..$...#
#........~~@°°..○....#
#........°°~°○°○.<...#
#..........°☼°$......#
#.............○......#
#...)...........)....#
######....................#
.>........................#
..........................#
.......................)..#


There were no monsters in sight!

Vanquished Creatures
  2 two-headed ogres
  A manticore (D:9)
  A cyclops (D:10)
  An elephant (D:11)
  Maurice (D:9)
  4 gargoyles (D:9)
  Maggie (D:8)
  3 shadows
  2 wraiths
  A wyvern (D:11)
  12 yaks
  Grum (D:9)
  A steam dragon (D:8)
  A basilisk (D:11)
  An acid dragon (D:9)
  5 water moccasins
  15 orc warriors
  A sky beast (D:6)
  4 black bears
  An ice beast (D:5)
  2 wolves (D:9)
  13 centaurs
  2 elf zombies (Ossuary)
  A kobold brigand (D:7)
  A gnoll sergeant (D:9)
  5 scorpions
  4 bullfrogs
  3 necrophages (D:5)
  6 wights
  5 killer bees (D:8)
  9 howler monkeys
  2 centaur zombies (Ossuary)
  2 gnoll boudas
  3 jellies
  3 hounds
  2 human zombies (Ossuary)
  5 orc priests
  3 iguanas
  3 orc wizards
  A hound zombie (Ossuary)
  3 mummies (Ossuary)
  Robin (D:3)
  14 gnolls
  9 adders
  4 shadow imps
  A white imp (D:8)
  2 ufetubi
  2 adder zombies (Ossuary)
  2 worms
  The ghost of gdog the Covert, a weakling GnDe (D:4)
  8 dart slugs
  46 orcs
  4 bats
  10 endoplasms
  3 giant cockroaches (D:2)
  18 goblins
  10 hobgoblins
  3 jackals (D:2)
  3 quokkas
  8 ball pythons
  2 frilled lizards
  3 gnoll zombies (Ossuary)
  4 goblin zombies (Ossuary)
  2 hobgoblin zombies (Ossuary)
  2 jackal zombies (Ossuary)
  13 kobolds
  4 kobold zombies (Ossuary)
  10 quokka zombies (Ossuary)
  11 rats
  A rat zombie (Ossuary)
338 creatures vanquished.

Vanquished Creatures (others)
  An unseen horror (D:11)
  A fungus (D:11)
  4 plants (D:1)
6 creatures vanquished.

Grand Total: 344 creatures vanquished

Notes
Turn   | Place    | Note
-------+----------+-------------------------------------------
     0 | D:1      | DemonSlayer the Demonspawn Earth Elementalist began the
                  | quest for the Orb.
     0 | D:1      | Reached XP level 1. HP: 13/13 MP: 3/3
   273 | D:1      | Gained mutation: You are partially covered in sharp spines.
                  | [demonic ancestry]
   273 | D:1      | Reached XP level 2. HP: 19/19 MP: 1/5
   276 | D:1      | Learned a level 2 spell: Passwall
   894 | D:2      | Reached XP level 3. HP: 24/24 MP: 4/6
  1428 | D:2      | Found a sparkling altar of Nemelex Xobeh.
  1481 | D:2      | Reached XP level 4. HP: 26/30 MP: 8/8
  1604 | D:2      | Noticed a scorpion
  1615 | D:2      | Killed a scorpion
  1616 | D:2      | Gained mutation: You sometimes gain a little power by
                  | taking damage. [demonic ancestry]
  1616 | D:2      | Reached XP level 5. HP: 4/35 MP: 9/9
  2065 | D:3      | Noticed Robin
  2075 | D:3      | Killed Robin
  2668 | D:3      | Reached skill level 1 in Fighting
  2765 | D:3      | Found a blossoming altar of Fedhas.
  2886 | D:3      | Learned a level 3 spell: Stone Arrow
  2889 | D:3      | Learned a level 2 spell: Ensorcelled Hibernation
  3045 | D:4      | Found a runed translucent door.
  3049 | D:4      | Noticed gdog's ghost (weakling GnDe)
  3206 | D:4      | Killed gdog's ghost
  3238 | D:4      | Found a runed translucent door.
  3678 | D:5      | Entered Level 5 of the Dungeon
  3690 | D:5      | Reached XP level 6. HP: 43/43 MP: 11/11
  3874 | D:5      | Reached skill level 5 in Earth Magic
  3976 | D:5      | Noticed an ice beast
  3984 | D:5      | Killed an ice beast
  3985 | D:5      | Gained mutation: You have a pair of small horns on your
                  | head. [demonic ancestry]
  3985 | D:5      | Reached XP level 7. HP: 24/48 MP: 14/14
  4001 | D:5      | Reached skill level 1 in Armour
  4001 | D:5      | Reached skill level 5 in Spellcasting
  4829 | D:5      | Learned a level 4 spell: Petrify
  4866 | D:6      | Gained mutation: You sometimes gain power by taking damage.
                  | [demonic ancestry]
  4866 | D:6      | Reached XP level 8. HP: 41/54 MP: 16/16
  4917 | D:6      | Found a sand-covered staircase.
  4922 | Ossuary  | Entered an ossuary
  5352 | Ossuary  | Reached skill level 1 in Maces & Flails
  5963 | D:6      | Found a runed translucent gate.
  5963 | D:6      | Found a runed translucent gate.
  5963 | D:6      | Found a runed translucent gate.
  5964 | D:6      | Noticed Dvallin's ghost (weakling KoDe)
  5964 | D:6      | Noticed 0gre's ghost (novice GnIE)
  5964 | D:6      | Noticed Dvallin's ghost (weakling KoDe)
  5964 | D:6      | Noticed LustLizard's ghost (novice MfGl)
  6237 | D:7      | Found a flagged portal.
  6250 | Bailey   | Entered a bailey
  6490 | Bailey   | Gained mutation: You are mostly covered in sharp spines.
                  | [demonic ancestry]
  6490 | Bailey   | Reached XP level 9. HP: 36/61 MP: 19/19
  8319 | Bailey   | Reached skill level 1 in Conjurations
  8319 | Bailey   | Reached skill level 1 in Evocations
  9418 | Bailey   | Gained mutation: You have a somewhat thin skeletal
                  | structure. (Dex +2, Stealth+) [demonic ancestry]
  9418 | Bailey   | Reached XP level 10. HP: 68/68 MP: 21/22
 10143 | D:7      | Found a staircase to the Ecumenical Temple.
 10404 | Temple   | Entered the Ecumenical Temple
 10524 | Temple   | Became a worshipper of Cheibriados the Contemplative
 11129 | D:8      | Noticed a two-headed ogre
 11137 | D:8      | Killed a two-headed ogre
 11138 | D:8      | Reached skill level 1 in Shields
 11486 | D:8      | Noticed Maggie
 11491 | D:8      | Killed Maggie
 11809 | D:8      | Identified the +1 ring mail of Infinity {rCorr Str+2}
 11825 | D:8      | Reached * piety under Cheibriados
 11828 | D:8      | Reached skill level 5 in Conjurations
 12363 | D:8      | Identified a scroll of acquirement
 12364 | D:8      | Acquired 1067 gold pieces
 12503 | D:9      | Noticed a two-headed ogre
 12510 | D:9      | Killed a two-headed ogre
 13382 | D:9      | Gained mutation: You have a pair of horns on your head.
                  | [demonic ancestry]
 13382 | D:9      | Reached XP level 11. HP: 74/74 MP: 24/24
 13693 | D:9      | Noticed Maurice
 13699 | D:9      | Killed Maurice
 13957 | D:9      | Reached skill level 10 in Earth Magic
 14122 | D:9      | Noticed Grum
 14126 | D:9      | Killed Grum
 14235 | D:9      | Reached ** piety under Cheibriados
 14429 | D:9      | Reached skill level 10 in Spellcasting
 14915 | D:10     | Entered Level 10 of the Dungeon
 15975 | D:11     | Found a staircase to the Orcish Mines.
 16155 | D:11     | Found a staircase to the Lair.
 16162 | D:11     | Reached *** piety under Cheibriados
 16481 | D:11     | Noticed a two-headed ogre
 16490 | D:11     | Paralysed by a hornet for 2 turns
 16494 | D:11     | Paralysed by a hornet for 2 turns
 16767 | D:11     | Found a gateway to a bazaar.
 16875 | D:11     | Engulfed by a cloud of freezing vapour

Illustrated notes

Levels and vault maps discovered:
D:1:      onia_arrival_handbag, layout_rooms, serial_forest,
          infiniplex_forest_clump_medium, infiniplex_forest_lined_corner,
          infiniplex_forest_straight_1, infiniplex_forest_end_3,
          infiniplex_forest_straight_4, dreamdust_princess_bridge
D:2:      layout_rooms, basic_altar, minmay_misc_feat_x, feat_on_display
D:3:      layout_rooms, amcnicky_altar_gilded, minivault_14,
          minmay_joined_circles, uniq_robin
D:4:      layout_basic, ebering_ghost_sewer_f
D:5:      layout_basic
D:6:      layout_cave_pools, gammafunk_ghost_cemetery, enter_ossuary_5,
          minmay_strange_pillars, kennysheep_windowed_goal
D:7:      layout_loops_ring, temple_doors_cd, enter_bailey_7
D:8:      layout_loops_ring, abandoned_shop, uniq_maggie
D:9:      cheibrodos_statue_roulette, layout_layer_cave, uniq_maurice, uniq_grum
D:10:     layout_basic
D:11:     minmay_four_partial_circles, layout_long_grid, david_lair_generic,
          serial_shops, freezing_bzr
Temple:   mainiacjoe_temple_archimedes_tessellation

Skill      XL: |  1  2  3  4  5  6  7  8  9 10 11 |
---------------+----------------------------------+-----
Earth Magic    | 3 4 5 7 8 9 10 | 10.7
Dodging        | 2 3 |  3.8
Spellcasting   | 3 4 5 7 8 9 10 | 10.6
Fighting       | 1 2 3 |  3.0
Stealth        | 2 3 |  3.8
Armour         | 1 2 3 |  3.0
Maces & Flails | 1 2 |  2.2
Conjurations   | 2 5 7 |  7.4
Evocations     | 1 |  1.0
Shields        | 1 2 |  2.1
Transmutations | |  0.8

Action                   |  1- 3 |  4- 6 |  7- 9 | 10-12 || total
-------------------------+-------+-------+-------+-------++-------
Melee: Dagger            |    20 |       |       |       ||    20
       Unarmed           |     1 |       |       |       ||     1
       Whip              |       |     3 |    13 |    46 ||    62
       Headbutt          |       |       |     6 |    13 ||    19
 Cast: Sandblast         |    60 |   108 |   184 |       ||   352
       Stone Arrow       |       |       |    66 |   206 ||   272
Evoke: Wand              |       |       |     9 |       ||     9
  Use: Scroll            |       |     8 |    10 |    10 ||    28
       Potion            |       |     1 |     5 |     1 ||     7
 Stab: Sleeping          |     2 |       |       |       ||     2
Armor: Robe              |    10 |     3 |       |       ||    13
       Leather armour    |       |     5 |    62 |     8 ||    75
       Steam dragon scal |       |       |       |    25 ||    25
Dodge: Dodged            |    42 |    25 |   104 |    59 ||   230
Block: Buckler           |       |       |    24 |    34 ||    58
